 Dungeon Crawl Stone Soup version 0.17-a0-2211-gbb7320e (webtiles) character file.

30147 Maka the Crack Shot (level 13, -4/111 HPs)
             Began as a Centaur Hunter on Oct 27, 2015.
             Was a High Priest of Okawaru.
             Slain by Rupert
             ... wielding a +3 great mace of crushing
              (7 damage)
             ... on level 5 of the Lair of Beasts.
             The game lasted 00:55:22 (25729 turns).

Maka the Crack Shot (Centaur Hunter)               Turns: 25729, Time: 00:55:22

Health: -4/111     AC: 25    Str: 15    XL:     13   Next: 19%
Magic:  15/15      EV:  9    Int: 10    God:    Okawaru [*****.]
Gold:   573        SH:  0    Dex: 15    Spells: 0 memorised, 12 levels left

rFire  . . .     SeeInvis +     a - +2 shortbow (venom)
rCold  . . .     Clarity  .     Q - +2 scale mail {rN+}
rNeg   + + +     SustAt   .     (no shield)
rPois  +         Gourm    .     l - +1 helmet
rElec  .         Spirit   .     z - +2 cloak {rPois}
rCorr  .         Warding  +     q - +0 pair of gloves
rMut   .         Stasis   .     t - +0 centaur barding of Qadwogra {SInv}
MR     .....                    G - amulet of warding
Stlth  +.........               (no ring)
                                K - ring of positive energy

@: about to teleport, heroism, very quick, not resistant to hostile
enchantments, very unstealthy
A: hooves 3, deformed body, speed 2, tough skin 3
a: Heroism, Finesse, Renounce Religion


You were on level 5 of the Lair of Beasts.
You worshipped Okawaru.
Okawaru was extremely pleased with you.
You were hungry.

You visited 2 branches of the dungeon, and saw 17 of its levels.

You collected 855 gold pieces.
You spent 282 gold pieces at shops.

Inventory:

Hand Weapons
 a - a +2 shortbow of venom (weapon)
 b - a +1 whip of electrocution
 j - a +2 dagger of venom
 O - the +9 dagger "Dugotoe" {freeze, +Fly SInv}
   (You found it on level 11 of the Dungeon)

   It has been specially enchanted to freeze those struck by it, causing extra
   injury to most foes and up to half again as much damage against particularly
   susceptible opponents.
   It can also slow down cold-blooded creatures.
   It lets you see invisible.
   It lets you fly.
Missiles
 c - 54 arrows (quivered)
 y - 18 arrows of frost
 E - 10 arrows of dispersal
Armour
 l - a +1 helmet (worn)
 q - a +0 pair of gloves (worn)
 t - the +0 centaur barding of Qadwogra (worn) {SInv}
   (You acquired it on level 6 of the Dungeon)

   It lets you see invisible.
 z - a +2 cloak of poison resistance (worn)
 D - a +0 centaur barding of fire resistance
 Q - a +2 scale mail of positive energy (worn)
Jewellery
 B - the ring "Nufor" {Ice rElec MP+9}
   (You found it on level 7 of the Dungeon)

   [ring of ice]

   It enhances your ice magic, and weakens your fire magic.
   It makes you vulnerable to fire.
   It protects you from cold.
   It insulates you from electricity.
   It affects your magic capacity (+9).
 G - an amulet of warding (around neck)
 K - a ring of positive energy (left hand)
Wands
 h - a wand of flame (31)
 o - a wand of flame (32)
 s - a wand of disintegration (18)
 v - a wand of confusion (20)
 F - a wand of digging (13)
Scrolls
 i - 2 scrolls of teleportation
 r - 9 scrolls of identify
 x - a scroll of fear
 A - 3 scrolls of magic mapping
 C - 3 scrolls of amnesia
 J - 3 scrolls of enchant weapon
 M - 4 scrolls of remove curse
 R - a scroll of enchant armour
Potions
 d - a potion of cure mutation
 f - 2 potions of might
 g - a potion of flight
 k - a potion of heal wounds
 m - a potion of lignification
 n - 5 potions of curing
 p - 2 potions of brilliance
 w - 4 potions of resistance
 I - a potion of agility
 N - 2 potions of invisibility
Books
 H - a book of Ice

   Spells                             Type                      Level
   a - Ice Form                       Ice/Transmutation            4
   b - Metabolic Englaciation         Hexes/Ice                    5
   c - Ozocubu's Refrigeration        Ice                          6
   d - Bolt of Cold                   Conjuration/Ice              6
   e - Freezing Cloud                 Conjuration/Ice/Air          6
   f - Simulacrum                     Ice/Necromancy               6
Comestibles
 e - 7 bread rations
 u - 4 meat rations


   Skills:
 + Level 9.5(14.5) Fighting
 - Level 21.0(26.0) Bows
 - Level 8.0(13.0) Armour
 - Level 2.0(7.0) Dodging
 - Level 0.5(5.5) Stealth
 - Level 3.0 Invocations


You had 12 spell levels left.
You didn't know any spells.

Dungeon Overview and Level Annotations

Branches:
Dungeon (12/15)            Temple (0/1) D:4            Lair (5/8) D:8
  Swamp (0/4) Lair:3       Spider (0/4) Lair:4          Orc (0/4) D:11

Altars:
Ashenzari
Fedhas
Gozag
Makhleb
Okawaru
Qazlal
Sif Muna
Vehumet
Xom
Yredelemnul
The Shining One

Shops:
D:5 *   D:7 *=*?!   D:8 [   D:9 (   D:10 =

Annotations:
D:8 Nergalle
Lair:5 Rupert


Innate Abilities, Weirdness & Mutations

You have hooves in place of feet.
Armour fits poorly on your strangely shaped body.
You cover ground very quickly.
You have extremely tough skin (AC +3).


Message History

Rupert hits you with a great mace of crushing.
Rupert hits you with a great mace of crushing!!
* * * LOW HITPOINT WARNING * * *
Rupert hits you with a great mace of crushing!
* * * LOW HITPOINT WARNING * * *
x2 You can move again.
Unknown command.
Unknown command.
Read which item? (? for menu, Esc to quit)
Okay, then.
Drink which item? (? for menu, Esc to quit)
You feel much better. Rupert barely misses you.
Rupert hits you with a great mace of crushing!
* * * LOW HITPOINT WARNING * * *
x2 Read which item? (? for menu, Esc to quit)
As you read the scroll of teleportation, it crumbles to dust.
You feel strangely unstable.
Rupert hits you with a great mace of crushing!!
* * * LOW HITPOINT WARNING * * *
You die...

.............#
.............#
.............#
............##
...........(##
.............#
..#...##.#..###
. #.#.#.##....#
##.+....#@P.#
#.....#.@###
#....###.##
.#...###P.(#
.P..###....#
....P......##
..........(.#
.........(###
...........#


You could see Rupert (berserk).

Vanquished Creatures
  Gastronok (D:9)
  The ghost of Undrscore the Impaler, a journeyman MfFi of Okawaru (D:11)
  3 hydras
  Erica (Lair:1)
  Urug (Lair:2)
  An unseen horror (D:11)
  A hill giant (D:10)
  Pikel (D:4)
  An ugly thing (D:11)
  Maurice (D:8)
  Joseph (D:7)
  3 spiny frogs
  4 black mambas
  3 komodo dragons
  A queen bee (D:8)
  3 trapdoor spiders (Lair:4)
  5 blink frogs (Lair:1)
  Sigmund (D:5)
  A hill giant zombie (D:11)
  2 basilisks
  A deep elf fighter (D:8)
  24 yaks
  4 hippogriffs
  17 wolves
  3 hungry ghosts (D:11)
  2 deep elf magi
  Menkaure (D:7)
  Edmund (D:5)
  A soldier ant (D:10)
  5 porcupines
  7 water moccasins
  Duvessa (D:6)
  2 orc warriors
  6 black bears
  A swamp drake (Lair:3)
  A wasp (D:8)
  A necrophage (D:9)
  5 phantoms
  An ice beast (D:9)
  2 centaurs
  3 sky beasts
  6 ogres
  12 crocodiles
  A wyvern zombie (D:8)
  2 big kobolds
  13 giant frogs
  Dowan (D:6)
  2 gnoll sergeants
  6 scorpions
  6 wights
  23 killer bees (D:8)
  4 jellies
  6 crimson imps
  3 quasits
  An electric eel (Lair:3)
  Crazy Yiuf (D:7)
  A gnoll shaman (D:7)
  12 iguanas
  2 orc priests
  4 centaur skeletons
  4 giant frog skeletons
  10 orc wizards
  4 worker ants
  4 hounds
  5 ogre zombies (D:11)
  2 hound zombies
  2 hound skeletons
  A worker ant zombie (D:8)
  Robin (D:2)
  20 gnolls
  9 adders
  2 shadow imps
  40 river rats
  2 oozes
  An adder zombie (D:5)
  An adder skeleton (D:4)
  2 worms
  35 orcs
  13 bats
  2 giant cockroaches
  10 hobgoblins
  6 jackals
  24 kobolds
  4 quokkas
  3 ball pythons
  5 giant geckos
  10 giant newts
  17 goblins
  2 goblin skeletons (D:11)
  A goblin zombie (D:11)
  2 hobgoblin skeletons (D:11)
  2 hobgoblin zombies (D:11)
  A jackal skeleton (D:5)
  2 orc skeletons (D:11)
  10 orc zombies (D:11)
  A quokka zombie (D:6)
  21 rats
  3 plants
515 creatures vanquished.

Vanquished Creatures (others)
  A slave (D:5)
  4 bushes (Lair:1)
  13 fungi
  A plant (Lair:2)
19 creatures vanquished.

Grand Total: 534 creatures vanquished

Notes
Turn   | Place    | Note
--------------------------------------------------------------
     0 | D:1      | Maka the Centaur Hunter began the quest for the Orb.
     0 | D:1      | Reached XP level 1. HP: 17/17 MP: 1/1
   224 | D:1      | Reached XP level 2. HP: 15/24 MP: 2/2
   230 | D:1      | Reached skill level 6 in Bows
   719 | D:1      | Reached XP level 3. HP: 29/29 MP: 3/3
  1145 | D:2      | Noticed Robin
  1237 | D:2      | Killed Robin
  1237 | D:2      | Reached skill level 7 in Bows
  1580 | D:2      | Found a basalt altar of Yredelemnul.
  1597 | D:2      | Found an iron altar of Okawaru.
  1608 | D:2      | Became a worshipper of Warmaster Okawaru
  1708 | D:2      | Found a radiant altar of Vehumet.
  1751 | D:2      | Reached XP level 4. HP: 33/36 MP: 4/4
  1877 | D:2      | Found a deep blue altar of Sif Muna.
  2331 | D:3      | Reached skill level 8 in Bows
  2725 | D:3      | Found a blossoming altar of Fedhas.
  2825 | D:3      | Reached XP level 5. HP: 29/41 MP: 5/5
  3156 | D:3      | Reached skill level 1 in Armour
  3705 | D:4      | Found an opulent altar of Gozag.
  3978 | D:4      | Found a staircase to the Ecumenical Temple.
  4036 | D:4      | Noticed an ogre
  4082 | D:4      | Killed an ogre
  4082 | D:4      | Reached * piety under Okawaru
  4082 | D:4      | Reached XP level 6. HP: 48/48 MP: 6/6
  4571 | D:5      | Entered Level 5 of the Dungeon
  5200 | D:4      | Reached skill level 9 in Bows
  5200 | D:4      | Reached XP level 7. HP: 36/55 MP: 7/7
  5326 | D:5      | Found Razyqe's Assorted Antiques.
  5330 | D:5      | Bought 2 orange potions for 50 gold pieces
  5330 | D:5      | Bought a scroll labeled IBROBR SULUSU for 28 gold pieces
  5330 | D:5      | Bought a runed cloak for 126 gold pieces
  5343 | D:5      | Noticed Sigmund
  5361 | D:5      | Killed Sigmund
  5361 | D:5      | Reached skill level 10 in Bows
  5721 | D:5      | Found a shimmering altar of Xom.
  5862 | D:5      | Found a glowing golden altar of the Shining One.
  5862 | D:5      | Found a stormy altar of Qazlal.
  5878 | D:5      | Noticed Edmund
  5903 | D:5      | Killed Edmund
  5903 | D:5      | Reached ** piety under Okawaru
  5903 | D:5      | Reached skill level 11 in Bows
  6030 | D:5      | Noticed Pikel
  6069 | D:4      | Killed Pikel
  6069 | D:4      | Reached *** piety under Okawaru
  6069 | D:4      | Reached skill level 12 in Bows
  6069 | D:4      | Reached XP level 8. HP: 22/61 MP: 6/8
  6285 | D:5      | Found a burning altar of Makhleb.
  6601 | D:6      | Reached skill level 13 in Bows
  7002 | D:6      | Noticed Dowan
  7004 | D:6      | Noticed Duvessa
  7011 | D:6      | Killed Duvessa
  7022 | D:6      | Killed Dowan
  7022 | D:6      | Reached skill level 14 in Bows
  7159 | D:6      | Reached XP level 9. HP: 63/67 MP: 9/9
  7246 | D:6      | Reached **** piety under Okawaru
  7294 | D:6      | Identified a scroll of acquirement
  7295 | D:6      | Got a polished centaur barding
  7301 | D:6      | Identified the +0 centaur barding of Qadwogra {SInv} (You acquired it on level 6 of the Dungeon)
  8003 | D:7      | Reached skill level 15 in Bows
  8308 | D:7      | Found a shattered altar of Ashenzari.
  8591 | D:7      | Found Wyshroigu's General Store.
  8600 | D:7      | Bought a potion of degeneration for 11 gold pieces
  8603 | D:7      | Bought a scroll of identify for 22 gold pieces
  8821 | D:7      | Noticed Crazy Yiuf
  8830 | D:7      | Killed Crazy Yiuf
  8864 | D:7      | Found Gaisu's Jewellery Shop.
  8866 | D:7      | Noticed Menkaure
  8874 | D:7      | Killed Menkaure
  8886 | D:7      | Bought a cursed ring of loudness for 45 gold pieces
  8942 | D:7      | Noticed Joseph
  8977 | D:7      | Killed Joseph
  8977 | D:7      | Reached ***** piety under Okawaru
  8977 | D:7      | Reached skill level 5 in Fighting
  9017 | D:7      | Got a transparent turquoise ring
  9018 | D:7      | Identified the ring "Nufor" {Ice rElec MP+9} (You found it on level 7 of the Dungeon)
  9050 | D:7      | Found Kazuluymn's General Store.
  9241 | D:7      | Found Ciextaw's Magic Scroll Shoppe.
  9349 | D:7      | Found Nauqua's Distillery.
  9772 | D:7      | Received a gift from Okawaru
  9986 | D:8      | Reached XP level 10. HP: 83/86 MP: 10/10
 10079 | D:8      | Found an iron altar of Okawaru.
 10310 | D:8      | Found a shimmering altar of Xom.
 10859 | D:8      | Found a staircase to the Lair.
 10872 | D:8      | Received a gift from Okawaru
 10875 | D:8      | Got a distressingly furry centaur barding {god gift}
 10891 | D:8      | Identified the +0 centaur barding of Leapfrog {MR+ Int+3} (Okawaru gifted it to you on level 8 of the Dungeon)
 10934 | D:8      | Found Istro's Antique Armour Shoppe.
 10970 | D:8      | Noticed Maurice
 11874 | D:9      | Reached skill level 5 in Armour
 11922 | D:9      | Noticed Gastronok
 11948 | D:9      | Found Waaph's Antique Weapon Shop.
 12069 | D:8      | Killed Maurice
 12397 | D:9      | Killed Gastronok
 12397 | D:9      | Reached XP level 11. HP: 66/97 MP: 11/11
 13273 | D:10     | Entered Level 10 of the Dungeon
 13292 | D:10     | Found Utubuwud's Jewellery Boutique.
 13805 | D:10     | Noticed a hill giant
 13855 | D:10     | Killed a hill giant
 14568 | D:11     | Got a translucent dagger
 14593 | D:11     | Identified the +9 dagger "Dugotoe" {freeze, +Fly SInv} (You found it on level 11 of the Dungeon)
 14906 | D:11     | Found a staircase to the Orcish Mines.
 15274 | D:11     | Noticed Undrscore's ghost (journeyman MfFi)
 15500 | D:11     | Killed Undrscore's ghost
 15500 | D:11     | Received a gift from Okawaru
 15840 | D:11     | Reached skill level 16 in Bows
 16022 | D:11     | Noticed an unseen horror
 16037 | D:11     | Killed an unseen horror
 16824 | D:11     | Reached skill level 17 in Bows
 16969 | D:11     | Noticed a four-headed hydra
 17012 | D:11     | Killed a four-headed hydra
 17299 | Lair:1   | Entered Level 1 of the Lair of Beasts
 17300 | Lair:1   | Noticed Erica
 17322 | Lair:1   | Killed Erica
 17322 | Lair:1   | Reached XP level 12. HP: 71/104 MP: 12/12
 17337 | Lair:1   | Noticed Nergalle
 17424 | D:8      | HP: 3/104 [wolf (5)]
 17921 | Lair:1   | Reached skill level 18 in Bows
 18560 | Lair:1   | Received a gift from Okawaru
 19437 | Lair:1   | Reached skill level 19 in Bows
 19444 | Lair:1   | Received a gift from Okawaru
 19452 | Lair:1   | Reached skill level 1 in Invocations
 21197 | Lair:2   | Reached skill level 20 in Bows
 21475 | Lair:2   | Received a gift from Okawaru
 21884 | Lair:2   | Noticed Urug
 22460 | Lair:2   | Killed Urug
 23029 | Lair:3   | Noticed a six-headed hydra
 23074 | Lair:2   | Killed a six-headed hydra
 23074 | Lair:2   | Reached XP level 13. HP: 75/111 MP: 15/15
 23471 | Lair:3   | Found a staircase to the Swamp.
 24485 | Lair:4   | Reached skill level 21 in Bows
 25196 | Lair:4   | Found a hole to the Spider Nest.
 25691 | Lair:5   | Noticed Rupert
 25716 | Lair:5   | Paralysed by Rupert for 7 turns
 25729 | Lair:5   | HP: 3/111 [Rupert/great mace of crushing (22)]
 25729 | Lair:5   | Slain by Rupert

Vault maps used:
D:1:      scummos_arrival_star, lexackson_kobold_supper
D:2:      wad_pebble_path, led_sif_pool, kennysheep_okawaru_gauntlet,
          yredelemnul_altar_generic, lemuel_round_altar, uniq_robin
D:3:      fedhas_altar_2, first_bread
D:4:      overflow_temple_1_default, minmay_temple_entry_junction
D:5:      gammafunk_temple_overflow_statue, serial_shops, nicolae_shop_crystal,
          basic_altar, makhleb_blood_cavern_becter, uniq_edmund, uniq_pikel,
          uniq_sigmund
D:6:      uniq_duvessa
D:7:      ashenzari_conservatory_becter, serial_shops, nicolae_shop_statue_plus,
          shop_fountains, nicolae_shop_trees, shop, kennysheep_mini,
          uniq_crazy_yiuf_cottage, uniq_joseph, uniq_menkaure
D:8:      xom_teletrap_fun, grunt_lair_entry_elf_guard_hut, serial_shops,
          shop_statue, basic_altar, david_nohive_1, uniq_maurice
D:9:      serial_shops, shop, uniq_gastronok
D:10:     serial_shops, nicolae_shop_stone
D:11:     zombieorc1_lemuel
D:12:     basic_altar, hangedman_incinerator, uniq_nessos
Lair:1:   minmay_hedge_maze, beast_lair_carwin_8, grunt_megastairs_2,
          uniq_nergalle, uniq_erica
Lair:2:   grunt_megastairs_5, uniq_urug
Lair:3:   minmay_swamp_entry_reptiles, infiniplex_staircase_pool,
          serial_bayou_shore_a, serial_bayou_shore_b
Lair:4:   spider_nest_entry_webs, nicolae_quartered_pool_super,
          lemuel_old_faithful
Lair:5:   uniq_rupert

Action                   |  1- 3 |  4- 6 |  7- 9 | 10-12 | 13-15 || total
-------------------------+-------+-------+-------+-------+-------++-------
Melee: Short sword       |   155 |    54 |       |       |       ||   209
       Dagger            |       |   113 |   215 |   878 |       ||  1206
       Whip              |       |       |       |    39 |   150 ||   189
 Fire: Shortbow          |    27 |    89 |   284 |  1173 |    80 ||  1653
Invok: Heroism           |       |       |     1 |     1 |     1 ||     3
  Use: Scroll            |       |     9 |    13 |     8 |     3 ||    33
       Potion            |       |       |       |     1 |     2 ||     3
 Stab: Distracted        |       |       |       |     1 |       ||     1
  Eat: Chunk             |     2 |     5 |     6 |     6 |     3 ||    22
       Pizza             |       |     2 |     2 |       |       ||     4
       Beef jerky        |       |       |     1 |     2 |       ||     3
       Bread ration      |       |       |     1 |     1 |       ||     2
       Royal jelly       |       |       |       |     7 |       ||     7
       Meat ration       |       |       |       |     3 |       ||     3
